 Dungeon Crawl Stone Soup version 0.31-a0-865-g3d5d91748a (webtiles) character file.

Game seed: 18300809094107077018

121 lunkers the Insei (level 5, -7/60 HPs)
             Began as a Meteoran Shapeshifter on Oct 10, 2023.
             Was an Initiate of Okawaru.
             Mangled by Menkaure (16 damage)
             ... on level 4 of the Dungeon.
             The game lasted 00:03:00 (1398 turns).

lunkers the Insei (Meteoran Shapeshifter)           Turns: 1398, Time: 00:03:00

Health: -7/60      AC: 22    Str: 15    XL:     5   Next: 51%
Magic:  6/6        EV:  2    Int: 11    God:    Okawaru [......]
Gold:   83         SH:  0    Dex: 16    Spells: 4/4 levels left

rFire   . .          .
                       - Unarmed
rCold   . . .        (no shield)
rNeg    + . .        o - melded +0 ring mail
rPois   +            (helmet currently unavailable)
rElec   .            (cloak currently unavailable)
rCorr   .            (gloves currently unavailable)
SInv    .            (boots currently unavailable)
Will    +....        g - amulet of regeneration
Stlth   +            m - ring of willpower
HPRegen 1.10/turn    n - ring of positive energy
MPRegen 0.10/turn

%: no passive effects
@: tree-form, glowing
A: stationary, stasis, torment immunity, boosted hp, sense surroundings 1,
otherworldly, glowing, explore regen
a: Renounce Religion


You were on level 4 of the Dungeon.
You worshipped Okawaru.
Okawaru was noncommittal.
You were a tree.
You visited 1 branch of the dungeon, and saw 4 of its levels.

You collected 83 gold pieces.

Inventory:

Armour
 a - a +0 animal skin
 o - a +0 ring mail (melded)
 s - a +0 buckler
Jewellery
 g - an amulet of regeneration (around neck)
 m - a ring of willpower (left branch)
 n - a ring of positive energy (right branch)
Talismans
 c - a beast talisman
 d - a flux talisman
 r - a blade talisman
Scrolls
 h - 2 scrolls of identify {unknown}
 i - a scroll of amnesia {unknown}
 j - 2 scrolls of revelation {unknown}
 p - a scroll of torment {unknown}
 q - 2 scrolls of brand weapon {unknown}
Potions
 e - 2 potions of curing {unknown}
 f - a potion of heal wounds {unknown}
 k - a potion of brilliance {unknown}
 l - a potion of attraction {unknown}


   Skills:
 - Level 1.1 Fighting
 - Level 2.1 Dodging
 * Level 5.8 Unarmed Combat
 + Level 4.7 Shapeshifting


You had 4 spell levels left.
You didn't know any spells.
Your spell library contained the following spells:

 Spells                   Type           Power      Damage    Failure   Level
 Slow                     Hex            0%         N/A       34%         1
 Sublimation of Blood     Necr           0%         N/A       47%         2
 Wereblood                Tmut           0%         N/A       47%         2
 Confusing Touch          Hex            0%         N/A       71%         3
 Sigil of Binding         Hex            0%         N/A       71%         3
 Vampiric Draining        Necr           0%         2d6       71%         3
 Chain Lightning          Conj/Air       0%         N/A       100%        9
 Fire Storm               Conj/Fire      0%         5d1       100%        9
 Shatter                  Erth           0%         3d5*      100%        9
 Summon Hydra             Summ           Unusable   N/A       N/A         7

Dungeon Overview and Level Annotations

Branches:
Dungeon (4/15) Zot: 1003   Temple (0/1) D:4

Altars:
Okawaru

Shops:
D:3 (

Annotations:
D:4 Menkaure


Innate Abilities, Weirdness & Mutations

You are a tree.
Your roots penetrate the ground, keeping you stationary.
You cannot be teleported.
You are immune to unholy pain and torment.
Your maximum health is greatly increased.
Your equipment is partially melded.
You passively map a small area around you.
You are easily found by Zot.
You glow in the dark.
You regain HP and MP as you explore.


Message History

No target in view!
No target in view!
You see here a blade talisman.
r - a blade talisman You see here a +0 buckler.
s - a +0 buckler
Found a stone staircase leading down.
Found 6 stones.
No target in view!
You hear the slow hiss of a very distant avalanche of sand.
Menkaure, Prince of Dust comes into view.
Menkaure blazes with dark energy!
A gnoll comes into view.
It is wielding a +3 whip of electrocution.
The gnoll shouts!
You hear a shout! x4
Menkaure hits you!
* * * LOW HITPOINT WARNING * * *
Your transformation has ended.
You turn into a tree.
Your +0 ring mail melds into your body.
Your roots penetrate the ground.
You pummel Menkaure!!
Menkaure is severely damaged.
A gnoll comes into view. It is wielding a +0 halberd.
The gnoll hits you with a +3 whip of electrocution.
* * * LOW HITPOINT WARNING * * *
Menkaure hits you but does no damage.
You hit Menkaure.
Menkaure is severely damaged.
The gnoll hits you but does no damage. x2
Menkaure casts a spell.
Menkaure seems to speed up.
You hit Menkaure.
Menkaure is almost destroyed.
The gnoll hits you from afar with a +0 halberd!
* * * LOW HITPOINT WARNING * * *
The gnoll hits you with a +3 whip of electrocution.
* * * LOW HITPOINT WARNING * * *
You are electrocuted!!
* * * LOW HITPOINT WARNING * * *
Menkaure hits you!
You die...

###..# ,
##.## * * ,
##.## , ##.##
, ##.## * , #
##.## , .#
##.## * .##
#..## ,, ..#
##.♣#* .<#
##Mgg..# ..#
##...## ..##
,,..##
.†.####* ###.
...
.#....##.....
, ,...#
...#.........
###. *
.#†.....####
..* ...######
*


You could see Menkaure (fast) and 2 gnolls.

Vanquished Creatures
  An iguana (D:4)
  3 adders
  A white imp (D:3)
  A worm (D:3)
  A dart slug (D:4)
  2 orcs (D:3)
  6 bats
  5 endoplasms
  A giant cockroach (D:1)
  2 goblins
  5 hobgoblins
  7 jackals (D:1)
  3 kobolds (D:1)
  A quokka (D:3)
  6 ball pythons
  3 frilled lizards
  5 rats
53 creatures vanquished.

Notes
Turn   | Place    | Note
-------+----------+-------------------------------------------
     0 | D:1      | lunkers the Meteoran Shapeshifter began the quest for the
                  | Orb.
     0 | D:1      | Reached XP level 1. HP: 16/16 MP: 2/2
    44 | D:1      | Reached skill level 4 in Unarmed Combat
    44 | D:1      | Reached XP level 2. HP: 20/23 MP: 3/3
   152 | D:1      | Reached XP level 3. HP: 26/28 MP: 4/4
   561 | D:2      | Reached XP level 4. HP: 35/35 MP: 5/5
   748 | D:3      | Reached skill level 5 in Unarmed Combat
   782 | D:3      | Found an iron altar of Okawaru.
   790 | D:3      | Became a worshipper of Warmaster Okawaru
   965 | D:3      | Found a faded altar of an unknown god.
  1147 | D:3      | Found Zuhes's Antique Weapon Shop.
  1186 | D:4      | Reached XP level 5. HP: 35/40 MP: 6/6
  1279 | D:4      | Found a staircase to the Ecumenical Temple.
  1391 | D:4      | Noticed Menkaure
  1398 | D:4      | Mangled by Menkaure

Illustrated notes

Levels and vault maps discovered:
D:1:      wander_arrival_fairy_ring, layout_basic
D:2:      layout_loops_ring, uniq_crazy_yiuf_cottage
D:3:      layout_basic, kennysheep_okawaru_gauntlet,
          hellmonk_ecumenical_altar_defaced_shrine, serial_shops,
          nicolae_shop_hallway_plus, serial_bayou_crossing
D:4:      layout_cave_pods, palyth_temple_overflow_mages,
          nicolae_hepliaklqana_hazy_memory, lemuel_doored_altar,
          minmay_temple_entry_sparse_star, enter_ossuary_2, uniq_duvessa,
          uniq_menkaure, uniq_blork_the_orc

Skill      XL: |  1  2  3  4 |
---------------+-------------+-----
Unarmed Combat | 4 5 |  5.8
Shapeshifting  | 4 |  4.7
Fighting       | |  1.1
Dodging        | |  2.1

Action                     |  1- 3 |  4- 6 || total
---------------------------+-------+-------++-------
  Melee: Unarmed           |    64 |    52 ||   116
         Punch             |     1 |       ||     1
    Use: Potion            |       |     1 ||     1
 Armour: Animal skin       |    25 |     5 ||    30
         Ring mail         |       |    27 ||    27
         Skin              |       |     7 ||     7
  Dodge: Dodged            |    47 |    36 ||    83

Table legend: (Time is in decaauts)
 A = Elapsed time spent in this place.
 B = Non-inter-level travel time spent in this place.
 C = Inter-level travel time spent in this place.
 D = Time resting spent in this place.
 E = Time spent auto-exploring this place.
 F = Levels seen in this place.
 G = Mean time per level.
                   A        B        C        D        E       F      G
               +--------+--------+--------+--------+--------+-----+--------+
         Total |   1395 |   1348 |     47 |      0 |   1002 |   4 |  348.8 |
       Dungeon |   1395 |   1348 |     47 |      0 |   1002 |   4 |  348.8 |
               +--------+--------+--------+--------+--------+-----+--------+

Top non-repeatable levels by time:
     D:1: 447 daAuts
     D:3: 436 daAuts
     D:2: 277 daAuts
     D:4: 234 daAuts
